AoeStats
← Shadowsnake

Arabia

510102913Analyzed
2v2 RM · 3d ago on Sep 29, 2026· 33m 11s· 4 players
Game mode
Random Map
Map size
Medium (4 player)
Population
200
Speed
Normal
Resources
Standard
Victory
Conquest
Starting age
Dark Age
Ending age
Imperial Age
RankedLock teamsTeams togetherTeam positionsShared explorationLock speedFull tech treeHidden civsTurbo modeCheats
Victory
Defeat
🇪🇸 Armenians · Spain
922
+17
🇪🇸 Cumans · Spain
922
+17
🇦🇺 Danes · Australia
1022
-20
🇺🇸 Bulgarians · United States
878
-14
Jimmis18
2:32 Loom
11:53 Feudal Age
15:36 Horse Collar
19:01 Bloodlines
27:00 Castle Age
25:35 Double-Bit Axe
26:31 Scale Barding Armor
27:06 Stone Mining
30:25 Gold Mining
31:15 Wheelbarrow
31:50 Light Cavalry
Pacho_Elsucio
10:31 Feudal Age
12:20 Double-Bit Axe
12:14 Man-at-Arms
13:59 Horse Collar
22:47 Castle Age
21:09 Gold Mining
22:02 Forging
21:52 Scale Mail Armor
21:34 Long Swordsman
24:00 Bow Saw
25:35 Stone Mining
26:26 Wheelbarrow
26:33 Chain Mail Armor
26:54 Iron Casting
27:20 Two-Handed Swordsman
29:05 Champion
29:33 Gambesons
29:48 Squires
29:33 Arson
31:10 Iron Casting
32:18 Hand Cart
Shadowsnake
13:35 Feudal Age
20:34 Wheelbarrow
20:45 Double-Bit Axe
20:43 Horse Collar
23:49 Arson
32:29 Castle Age
31:30 Bloodlines
33:32 Forging
Crab
12:30 Feudal Age
13:10 Man-at-Arms
14:46 Arson
16:21 Scale Mail Armor
24:33 Horse Collar
24:39 Double-Bit Axe
27:34 Fletching
30:23 Castle Age
Connection lost

Rejoining the realm…

Still unreachable

The connection could not be restored.

Session expired

The server has moved on; the page needs a fresh start.